 Dungeon Sprint DCSS version 0.30.1-4-g462c640d31 (webtiles) character file.

Game seed: 14499706104368880405

2137 Heoruswealwe the Fetichist (level 9, -19/40 HPs)
             Began as a Spriggan Artificer on Aug 26, 2023.
             Was a Follower of Sif Muna.
             Demolished by a deep troll (26 damage)
             ... while paralysed by a floating eye
             ... in the Dungeon (Sprint I: "Red Sonja").
             The game lasted 00:06:44 (277 turns).

Heoruswealwe the Fetichist (Spriggan Artificer)      Turns: 277, Time: 00:06:45

Health: -19/40     AC:  2    Str:  8    XL:     9   Next: 9%
Magic:  10/10      EV:  4    Int: 16    God:    Sif Muna [*.....]
Gold:   432        SH:  0    Dex: 16    Spells: 8/8 levels left

rFire   . . .        a - +0 club
rCold   . . .        (no shield)
rNeg    . . .        c - +0 robe
rPois   .            (helmet restricted)
rElec   .            (no cloak)
rCorr   .            (gloves unavailable)
SInv    +            (boots unavailable)
Will    +....        (no amulet)
Stlth   ++++++       (no ring)
HPRegen 0.26/turn    (no ring)
MPRegen 0.12/turn

%: no teleportation
@: paralysed, invisible, very quick
A: very small, no large weapons, unfitting armour, see invisible, speed 3
a: Renounce Religion, Channel Magic


You were in the Dungeon.
You worshipped Sif Muna.
Sif Muna was aware of your devotion.
You visited 1 branch You collected 614 gold pieces.
You spent 182 gold pieces at shops.

Inventory:

Hand Weapons
 a - a +0 club (weapon)
Armour
 c - a +0 robe (worn)
Wands
 b - a wand of flame (9) (quivered)
 d - a wand of charming (13)
 e - a wand of iceblast (3)
 l - a wand of mindburst (9)
Scrolls
 k - a scroll of blinking
 n - 6 scrolls of identify
Potions
 f - 4 potions of curing
 g - a potion of heal wounds
 h - a potion of haste
 i - 2 potions of magic
 j - a potion of berserk rage


   Skills:
 - Level 0.7 Fighting
 + Level 13.7 Dodging
 + Level 15.7 Stealth
 * Level 18.8 Evocations


You had 8 spell levels left.
You didn't know any spells.
Your spell library was empty.

Dungeon Overview and Level Annotations

Branches:
Dungeon (1/1)

Altars:
Cheibriados
Dithmenos
Elyvilon
Fedhas
Gozag
Hepliaklqana
Kikubaaqudgha
Nemelex Xobeh
Okawaru
Qazlal
Ru
Sif Muna
Trog
Uskayaw
Vehumet
Wu Jian
Yredelemnul
Zin
The Shining One

Shops:
D !?


Innate Abilities, Weirdness & Mutations

You are very small and have problems with some larger weapons.
You are too small for most types of armour.
You have supernaturally acute eyesight. (SInv)
You cover ground extremely quickly. (Speed+++)


Message History

A deep troll comes into view.
Found 108 gold pieces.
Aiming: Charm
Press: ? - help, Shift-Dir - straight line, f - deep troll
Aim: a deep troll (asleep, chance to affect: 67%)
The deep troll shouts!
The deep troll struggles to resist.
Aiming: Charm
Press: ? - help, Shift-Dir - straight line, f/p - deep troll
Aim: a deep troll (chance to affect: 67%)
The deep troll is charmed.
Things that are here:
a +0 short sword of draining; 5 curare-tipped darts
There is an open door here.
You swap places.
You fade into invisibility!
You open the huge gate. 3 floating eyes and 3 shining eyes come into view.
The floating eye turns its gaze towards you.
The floating eye's view fixates on you.
The floating eye gazes piercingly through you!
You suddenly lose the ability to move!
You can move again.
The shining eye turns its gaze towards you.
The floating eye's view fixates on you.
The floating eye gazes piercingly through you!
You shrug off the repeated paralysis!
The floating eye turns its gaze towards you.
The floating eye's stare focuses on you.
The deep troll is no longer charmed.
The floating eye gazes piercingly through you!
You suddenly lose the ability to move!
The deep troll barely misses you.
The deep troll claws you but does no damage.
The deep troll claws you. The deep troll bites you.
The deep troll claws you! x2
* * * LOW HITPOINT WARNING * * *
The floating eye's stare focuses on you.
The deep troll bites you!!
Ouch! That really hurt!
You die...

#..#####'#####'# #
#..####..#...#)####§§#
#..#__####..##.#§~~§§#
#..#_____##'#_.+§~~§§§
#⌠⌠#_.∩...'..._#§~~§§#
####_..__##_.#'##+###
#_____###'#.#
############.####+###
#∩....GT@.'.).'$$.$$+
###'''G####...#######
#...... ###.###
#G..... #.#'#.#
#..#..G #.....# #.
.... #.()).# # ....#
####### G....


You could see a shining eye (asleep), a deep troll and 2 floating eyes.

Vanquished Creatures
  2 centaur warriors (D)
  Sonja (D)
  Sigmund (D)
  A yak (D)
  An ogre (D)
  A jelly (D)
  Ijyb (D)
  2 ballistomycete spores (D)
10 creatures vanquished.

Notes
Turn   | Place    | Note
-------+----------+-------------------------------------------
     0 | D        | Heoruswealwe the Spriggan Artificer began the quest for the
                  | Orb.
     0 | D        | Reached XP level 1. HP: 9/9 MP: 2/2
     1 | D        | Noticed Ijyb
     3 | D        | Killed Ijyb
     4 | D        | Reached skill level 6 in Evocations
     4 | D        | Reached XP level 2. HP: 14/14 MP: 3/3
     8 | D        | Noticed an ogre
    10 | D        | Killed an ogre
    11 | D        | Reached skill level 9 in Evocations
    11 | D        | Reached XP level 3. HP: 17/17 MP: 4/4
    11 | D        | Reached XP level 4. HP: 21/21 MP: 5/5
    22 | D        | Noticed Sigmund
    23 | D        | Killed Sigmund
    24 | D        | Reached skill level 12 in Evocations
    24 | D        | Reached XP level 5. HP: 25/25 MP: 6/6
    24 | D        | Reached XP level 6. HP: 29/29 MP: 7/7
    38 | D        | Found an ornate altar of the Wu Jian Council.
    38 | D        | Found a shimmering blue altar of Sif Muna.
    44 | D        | Reached skill level 10 in Stealth
    46 | D        | Found a radiant altar of Vehumet.
    72 | D        | Found Yteisoox's Magic Scroll Emporium.
    72 | D        | Found an ancient bone altar of Kikubaaqudgha.
    72 | D        | Found a hazy altar of Hepliaklqana.
    72 | D        | Found a stormy altar of Qazlal.
    72 | D        | Found a hide-covered altar of Uskayaw.
    72 | D        | Found a blossoming altar of Fedhas.
    72 | D        | Found a bloodstained altar of Trog.
    72 | D        | Found an iron altar of Okawaru.
    72 | D        | Found a basalt altar of Yredelemnul.
    72 | D        | Found a glowing golden altar of the Shining One.
    72 | D        | Found a snail-covered altar of Cheibriados.
    72 | D        | Found a sacrificial altar of Ru.
    72 | D        | Found a glowing silver altar of Zin.
    72 | D        | Found a shadowy altar of Dithmenos.
    72 | D        | Found a white marble altar of Elyvilon.
    72 | D        | Noticed a yak
    74 | D        | Killed a yak
    75 | D        | Reached skill level 10 in Dodging
    75 | D        | Reached skill level 13 in Evocations
    75 | D        | Found an opulent altar of Gozag.
    76 | D        | Found a sparkling altar of Nemelex Xobeh.
   108 | D        | Became a worshipper of Sif Muna the Loreminder
   117 | D        | Bought a scroll of identify for 26 gold pieces
   117 | D        | Bought a scroll of identify for 26 gold pieces
   117 | D        | Bought a scroll of identify for 26 gold pieces
   117 | D        | Bought a scroll of identify for 26 gold pieces
   117 | D        | Bought 2 scrolls of identify for 52 gold pieces
   117 | D        | Bought a scroll of identify for 26 gold pieces
   126 | D        | Noticed a centaur warrior
   127 | D        | Noticed a centaur warrior
   127 | D        | Killed a centaur warrior
   128 | D        | Reached skill level 16 in Evocations
   128 | D        | Reached XP level 7. HP: 32/32 MP: 8/8
   128 | D        | Reached XP level 8. HP: 37/37 MP: 9/9
   132 | D        | Killed a centaur warrior
   133 | D        | Reached skill level 17 in Evocations
   172 | D        | Noticed Sonja
   173 | D        | Killed Sonja
   173 | D        | Reached * piety under Sif Muna
   174 | D        | Reached skill level 15 in Stealth
   174 | D        | Reached skill level 18 in Evocations
   174 | D        | Reached XP level 9. HP: 40/40 MP: 10/10
   226 | D        | Found Rerail's Distillery.
   246 | D        | Noticed a deep troll
   264 | D        | Noticed a shining eye
   264 | D        | Noticed a shining eye
   264 | D        | Noticed a shining eye
   268 | D        | Paralysed by a floating eye for 4 turns
   275 | D        | Paralysed by a floating eye for 4 turns
   277 | D        | Demolished by a deep troll

Illustrated notes

Levels and vault maps discovered:
D:        dungeon_sprint_1 [red_sonja_temple_1, red_sonja_temple_small_1]

Skill      XL: |  1  2  3  4  5  6  7  8 |
---------------+-------------------------+-----
Dodging        | 4 6 8 11 13 | 13.7
Stealth        | 4 7 9 13 15 | 15.7
Evocations     | 6 9 12 16 18 | 18.8
Fighting       | |  0.7

Action                     |  1- 3 |  4- 6 |  7- 9 || total
---------------------------+-------+-------+-------++-------
  Evoke: Wand              |     4 |     6 |     7 ||    17
    Use: Scroll            |       |     1 |       ||     1
         Potion            |       |       |     1 ||     1
 Armour: Robe              |       |       |     1 ||     1
  Dodge: Dodged            |       |       |     2 ||     2
